 Dungeon Crawl Stone Soup version 0.25.0-26-g0c896c7088 (webtiles) character file.

Game seed: 9777398403626233906

87 Apogee the Conjurer (level 4, -2/27 HPs)
             Began as an Octopode Conjurer on July 2, 2020.
             Killed from afar by Sigmund (7 damage)
             ... with a magic dart
             ... on level 3 of the Dungeon.
             The game lasted 00:07:43 (2917 turns).

Apogee the Conjurer (Octopode Conjurer)             Turns: 2917, Time: 00:07:44

Health: -2/27      AC:  5    Str:  7    XL:     4   Next: 51%
Magic:  8/8        EV: 14    Int: 18    God:
Gold:   126        SH:  0    Dex: 18    Spells: 4/8 levels left

rFire    . . .     SeeInvis .   g - +1 dagger (venom)
rCold    . . .     Gourm    .   (no shield)
rNeg     . . .     Faith    .   (helmet restricted)
rPois    .         Spirit   .   k - amulet of magic regeneration
rElec    .         Reflect  .   d - +4 ring of protection
rCorr    .         Harm     .   j - +6 ring of dexterity
MR       .....                  (no ring)
Stlth    ++........             (no ring)
HPRegen  0.09/turn              (no ring)
MPRegen  0.36/turn              (no ring)
                                (no ring)
                                (no ring)

@: confused
A: almost no armour, stealthy swim, amphibious, 8 rings, constrict 8, camouflage
1, gelatinous body 1
a: no special abilities


You were on level 3 of the Dungeon.
You were not hungry.

You visited 1 branch of the dungeon, and saw 3 of its levels.

You collected 126 gold pieces.

Inventory:

Hand Weapons
 g - a +1 dagger of venom (weapon)
 l - a +2 short sword of protection
Missiles
 m - 7 poisoned darts (quivered)
Jewellery
 d - a +4 ring of protection (left tentacle)
 e - an uncursed amulet of regeneration
 j - a +6 ring of dexterity (right tentacle)
 k - an amulet of magic regeneration (around mantle)
Scrolls
 h - a scroll of identify
 i - a scroll of magic mapping {unknown}
 n - a scroll of enchant armour
Potions
 a - a potion of heal wounds {unknown}
 c - a potion of curing {unknown}
 o - a potion of ambrosia
Comestibles
 b - 3 rations
 f - 3 chunks of flesh


   Skills:
 - Level 2.0 Dodging
 - Level 2.7 Stealth
 + Level 2.7 Spellcasting
 - Level 5.2 Conjurations
 + Level 0.9 Hexes


You had 4 spell levels left.
You knew the following spells:

 Your Spells              Type           Power        Failure   Level  Hunger
a - Magic Dart            Conj           ###.         1%          1    #......
b - Dazzling Flash        Conj/Hex       ##....       14%         3    ###....

Your spell library contained the following spells:

 Spells                   Type           Power        Failure   Level  Hunger
 Searing Ray              Conj           ###...       3%          2    ##.....
 Fulminant Prism          Conj/Hex       ##........   43%         4    #####..
 Iskenderun's Mystic Bla  Conj/Tloc      ##......     50%         4    #####..


Dungeon Overview and Level Annotations

Branches:
Dungeon (3/15)

Altars:

Annotations:
D:3 Ijyb, Sigmund


Innate Abilities, Weirdness & Mutations

You cannot wear most types of armour.
You are very stealthy in the water. (Stealth+)
You are amphibious.
You can wear up to eight rings at the same time.
You can use your tentacles to constrict eight enemies at once.
Your skin changes colour to match your surroundings (Stealth+).
Your rubbery body absorbs attacks. (AC +1, EV +1)


Message History

Deactivating autopickup; reactivate with Ctrl-A.
A puff of flame appears from out of thin air!
The puff of flame hits you!
A puff of flame appears from out of thin air!
The puff of flame hits you.
You are confused.
You're too confused to move!
You bump into the rock wall.
Something hits you!
* * * LOW HITPOINT WARNING * * *
You bump into the rock wall.
You're too confused to cast spells.
You feel less confused.
Casting: Magic Dart (safe; 1% risk of failure)
Confirm with . or Enter, or press ? or * to list all spells.
You can't see any susceptible monsters within range! (Use Z to cast anyway.)
You are confused.
You bump into the rock wall.
A magic dart appears from out of thin air!
The magic dart hits you!
You die...

########### #.........#
#.#######.#######
#...{...@.#.....#
#..#####..#.###.########
#..##.......# #.....{.((
#..##.##..#.###.########
#..##.##..#.....#
#.........#######
#.........# #####.#####
#.## #######


There were no monsters in sight!

Vanquished Creatures
  Robin (D:2)
  2 adders (D:2)
  A gnoll (D:1)
  A dart slug (D:1)
  2 leopard geckos
  An orc (D:3)
  3 bats
  3 giant cockroaches
  10 goblins
  7 hobgoblins (D:2)
  3 jackals (D:2)
  A frilled lizard (D:1)
  3 kobolds
  4 rats (D:1)
42 creatures vanquished.

Notes
Turn   | Place    | Note
-------+----------+-------------------------------------------
     0 | D:1      | Apogee the Octopode Conjurer began the quest for the Orb.
     0 | D:1      | Reached XP level 1. HP: 11/11 MP: 3/3
   386 | D:1      | Reached XP level 2. HP: 17/17 MP: 0/5
   777 | D:1      | Reached XP level 3. HP: 21/21 MP: 3/6
  1485 | D:2      | Noticed Robin
  1500 | D:2      | Killed Robin
  1500 | D:2      | Reached skill level 5 in Conjurations
  1522 | D:2      | Reached XP level 4. HP: 11/27 MP: 1/7
  1905 | D:2      | Learned a level 3 spell: Dazzling Flash
  2458 | D:3      | Noticed Ijyb
  2882 | D:3      | Noticed Sigmund
  2917 | D:3      | Killed from afar by Sigmund

Illustrated notes

Levels and vault maps discovered:
D:1:      kilobyte_arrival_exit_the_forest, layout_basic
D:2:      layout_loops_corners, uniq_robin
D:3:      layout_loops_cross, marbit_many_paths, uniq_ijyb, uniq_sigmund

Skill      XL: |  1  2  3 |
---------------+----------+-----
Conjurations   | 5 |  5.2
Dodging        | |  2.0
Stealth        | |  2.7
Spellcasting   | |  2.7
Hexes          | |  0.9

Action                   |  1- 3 |  4- 6 || total
-------------------------+-------+-------++-------
Melee: Short sword       |    19 |       ||    19
       Constrict         |     8 |       ||     8
       Tentacles         |     5 |       ||     5
       Unarmed           |     2 |       ||     2
Throw: Dart              |       |     5 ||     5
 Cast: Magic Dart        |    56 |    29 ||    85
       Dazzling Flash    |       |     1 ||     1
  Use: Scroll            |       |     6 ||     6
       Potion            |       |     2 ||     2
  Eat: Chunk             |     2 |     5 ||     7
Armor: Skin              |     5 |       ||     5
Dodge: Dodged            |    16 |     4 ||    20
